 Seeded DCSS version 0.28.0 (webtiles) character file.

Game seed: 10379525442082979767 (custom seed)

278 hikkokomori the Bolt Thrower (level 6, -2/44 HPs)
             Began as a Formicid Hunter on Feb 16, 2022.
             Succumbed to Edmund's poison
             ... on level 4 of the Dungeon.
             The game lasted 00:06:30 (3115 turns).

hikkokomori the Bolt Thrower (Formicid Hunter)      Turns: 3115, Time: 00:06:31

Health: -2/44      AC:  3    Str: 19    XL:     6   Next: 51%
Magic:  6/6        EV: 11    Int: 10    God:
Gold:   42         SH:  0    Dex: 11    Spells: 1/5 levels left

rFire   . . .      SeeInvis +   a - +1 hand crossbow (freeze)
rCold   . . .      Faith    .   (no shield)
rNeg    . . .      Spirit   .   c - +0 leather armour
rPois   .          Reflect  .   (helmet unavailable)
rElec   .          Harm     .   (no cloak)
rCorr   .          Rampage  .   (no gloves)
Will    .....                   (no boots)
Stlth   +++.......              (no amulet)
HPRegen 0.14/turn               (no ring)
MPRegen 0.10/turn               (no ring)

@: lethally poisoned (-2 -> -26)
A: permanent stasis, dig shafts and tunnels, antennae 3, four strong arms
a: Dig, Shaft Self


You were on level 4 of the Dungeon.
You visited 1 branch of the dungeon, and saw 4 of its levels.

You collected 42 gold pieces.

Inventory:

Hand Weapons
 a - a +1 hand crossbow of freezing (weapon)
 b - a +0 short sword
 i - a +0 short sword
 n - a +0 halberd
Missiles
 d - 24 bolts (quivered ammo)
 j - 51 stones
Armour
 c - a +0 leather armour (worn)
 g - a +0 chain mail
Scrolls
 f - a scroll of immolation {unknown}
 h - a scroll of teleportation
 l - a scroll of magic mapping {unknown}
 m - a scroll of blinking {unknown}
 o - a scroll of torment {unknown}
 p - a scroll of fear {unknown}
Potions
 e - a potion of brilliance {unknown}


   Skills:
 - Level 2.1 Fighting
 + Level 5.9 Crossbows
 - Level 1.7 Dodging
 + Level 5.6 Stealth


You had one spell level left.
You knew the following spells:

 Your Spells              Type           Power      Damage    Failure   Level
a - Dispel Undead         Necr           0%         3d6       99%         4

Your spell library contained the following spells:

 Spells                   Type           Power      Damage    Failure   Level
 Static Discharge         Conj/Air       0%         N/A       56%         2
 Sticky Flame             Conj/Fire      0%         2d3       99%         4


Dungeon Overview and Level Annotations

Branches:
Dungeon (4/15)
 Temple: D:4-7

Altars:

Shops:
D:3 ?

Annotations:
D:4 Edmund


Innate Abilities, Weirdness & Mutations

You cannot be hasted, slowed, berserked, paralysed or teleported.
You can dig through walls and to a lower floor.
You have a pair of large antennae on your head. (SInv)
Your four strong arms can wield two-handed weapons with a shield.


Message History

Your +1 hand crossbow of freezing is covered in frost.
a - a +1 hand crossbow of freezing (weapon)
You shoot a bolt. The bolt hits Edmund.
The bolt freezes Edmund.
Edmund is lightly wounded.
You shoot a bolt. The bolt hits Edmund.
The bolt freezes Edmund.
Edmund is lightly wounded.
Okay, then.
You shoot a bolt. The bolt barely misses Edmund.
Edmund hits you with a +1 flail of venom.
You are poisoned.
Edmund hits you with a +1 flail of venom.
You are more poisoned.
You shoot a bolt. The bolt hits Edmund!
The bolt freezes Edmund.
Edmund is heavily wounded.
You feel extremely sick.
Edmund hits you with a +1 flail of venom!
You are lethally poisoned!
You feel better.
Edmund hits you with a +1 flail of venom.
You shoot a bolt. The bolt hits Edmund.
The bolt freezes Edmund.
Edmund is heavily wounded.
Edmund hits you with a +1 flail of venom!
You are poisoned.
You are too injured to fight recklessly!
You are too injured to fight recklessly!
Fire: 26 bolts
Press: ? - help, Q - select action, (/) - cycle Shift-Dir - straight line, f/p - Edmund
Aim: Edmund, wielding a +1 flail of venom and wearing a +0 chain mail (heavily wounded, 71% to hit)
You shoot a bolt. The bolt closely misses Edmund.
You feel very sick.
Edmund hits you with a +1 flail of venom!
* * * LOW HITPOINT WARNING * * *
You are more poisoned.
Fire: 25 bolts
Press: ? - help, Q - select action, (/) - cycle Shift-Dir - straight line, f/p - Edmund
Aim: Edmund, wielding a +1 flail of venom and wearing a +0 chain mail (heavily wounded, 71% to hit)
You shoot a bolt.
The bolt hits Edmund but does no damage.
Edmund is heavily wounded.
You die...

#.#
#...................
#.#
#.#..###.###......##
#.###.#......#
##...#.#
#........#####
##.##.## #####.####
#.##... { #.# #.#####
#.## ##'## #..##
##...## #..@#
##.....## ###@#
#.......## (...
#.....[..# (......
#........'
..........#........#
....≈......#.......##
...≈≈.≈≈....##.....###
....§.(.§.... ##...##
# ##'## #


You could see Edmund.

Vanquished Creatures
  Sigmund (D:3)
  4 gnolls (D:3)
  3 adders
  A worm (D:3)
  3 dart slugs
  An endoplasm (D:3)
  4 giant cockroaches
  3 goblins
  2 hobgoblins
  2 quokkas
  6 ball pythons
  9 bats
  4 frilled lizards
  7 kobolds
  3 rats
53 creatures vanquished.

Notes
Turn   | Place    | Note
-------+----------+-------------------------------------------
     0 | D:1      | hikkokomori the Formicid Hunter began the quest for the
                  | Orb.
     0 | D:1      | Reached XP level 1. HP: 16/16 MP: 1/1
   143 | D:1      | Reached XP level 2. HP: 22/22 MP: 2/2
   843 | D:2      | Reached XP level 3. HP: 25/27 MP: 3/3
  1857 | D:2      | Reached XP level 4. HP: 27/33 MP: 4/4
  1972 | D:3      | Found Vynolin's Magic Scroll Boutique.
  2303 | D:3      | Reached skill level 5 in Crossbows
  2357 | D:3      | Noticed Sigmund
  2361 | D:3      | Killed Sigmund
  2362 | D:3      | Reached skill level 5 in Stealth
  2362 | D:3      | Reached XP level 5. HP: 38/38 MP: 5/5
  2362 | D:3      | Reached XP level 6. HP: 44/44 MP: 6/6
  2388 | D:3      | Learned a level 4 spell: Dispel Undead
  2563 | D:3      | Found a faded altar of an unknown god.
  3104 | D:4      | Noticed Edmund
  3115 | D:4      | Succumbed to Edmund's poison

Illustrated notes

Levels and vault maps discovered:
D:1:      minmay_arrival_arboretum_small, layout_basic
D:2:      layout_basic
D:3:      layout_loops_cross, serial_shops, nicolae_shop_hallway_stairs,
          ebering_ecumenical_altar_ruins, uniq_sigmund
D:4:      layout_loops_corners, kennysheep_generic_room_2, uniq_blork_the_orc,
          uniq_edmund, uniq_robin

Skill      XL: |  1  2  3  4 |
---------------+-------------+-----
Stealth        | 2 3 5 |  5.6
Crossbows      | 5 |  5.9
Fighting       | |  2.1
Dodging        | |  1.7

Action                   |  1- 3 |  4- 6 || total
-------------------------+-------+-------++-------
Melee: Short sword       |    83 |    21 ||   104
 Fire: Hand crossbow     |    27 |    50 ||    77
  Use: Potion            |     1 |     2 ||     3
       Scroll            |       |     3 ||     3
 Stab: Sleeping          |       |     2 ||     2
Armor: Leather armour    |    31 |    10 ||    41
Dodge: Dodged            |    80 |    26 ||   106
